3AA
BILLINGS POLAR BEARS @ SAN ANTONIO BC
08/18/2034
 
TOP OF THE 1ST
Billings Polar Bears batting - Pitching for San Antonio BC : RHP Jackson Williams
Pitching: RHP Jackson Williams
Batting: RHB Cody Jaeckel 0-0: Called Strike
0-1: Foul Ball, location: 2F
0-2: Foul Ball, location: 2F
0-2: Ball
1-2: Ball
2-2: Ball
3-2: Foul Ball, location: 2F
3-2: Fly out, F8 (Flyball, 8LXD)
Batting: LHB Phil MacNamara 0-0: SINGLE (Groundball, 6MD)
Batting: RHB José Ortíz 0-0: Ball
1-0: Called Strike
1-1: Foul Ball, location: 2F
1-2: Ball
2-2: SINGLE (Popup, 3D)
Phil MacNamara to second
Runner from 2nd tries for 3rd, SAFE, no throw
Batting: RHB Patrick Pupovac 0-0: Ball
1-0: Ball
2-0: Ball
3-0: Base on Balls
José Ortíz to second
Batting: RHB Lynwood Dimartínez 0-0: Ball
1-0: Ball
2-0: Ball
3-0: Ground out 5-3 (Groundball, 56S)
Phil MacNamara scores
José Ortíz to third
Patrick Pupovac to second
Batting: RHB Luis Pérez 0-0: Foul Ball, location: 2F
0-1: DOUBLE (Line Drive, 9LM)
José Ortíz scores
Patrick Pupovac scores
Batting: RHB Luis Álvarez 0-0: SINGLE (Line Drive, 5)
Luis Pérez to third
Runner from 3rd tries for Home, SAFE, no throw
Batting: SHB Goro Yokoyama 0-0: Called Strike
0-1: Ball
1-1: Called Strike
1-2: Foul Ball, location: 2F
1-2: Strikes out swinging
Top of the 1st over - 4 runs, 4 hits, 0 errors, 1 left on base; Billings 4 - San Antonio 0
BOTTOM OF THE 1ST
San Antonio BC batting - Pitching for Billings Polar Bears : RHP Mike Orrsborne
Pitching: RHP Mike Orrsborne
Batting: RHB Robby Arnold 0-0: Ball
1-0: Ball
2-0: SINGLE (Line Drive, 89S)
Batting: RHB Alba Hidalgo de Jesus 0-0: Ball
1-0: Called Strike
1-1: Foul Ball, location: 2F
1-2: Strikes out swinging
Batting: RHB Mike Howard 0-0: Called Strike
0-1: Swinging Strike
0-2: Ball
1-2: Strikes out looking
Batting: RHB Tom Bancroft 0-0: Fly out, F9 (Flyball, 89D)
Bottom of the 1st over - 0 runs, 1 hit, 0 errors, 1 left on base; Billings 4 - San Antonio 0
TOP OF THE 2ND
Billings Polar Bears batting - Pitching for San Antonio BC : RHP Jackson Williams
Batting: RHB Corey Dudding 0-0: Ball
1-0: Swinging Strike
1-1: Ball
2-1: Ground out 6-3 (Groundball, 6)
Batting: RHB Cody Jaeckel 0-0: Ball
1-0: Ball
2-0: Ball
3-0: Base on Balls
Batting: LHB Phil MacNamara 0-0: Called Strike
0-1: Ball
Cody Jaeckel steals 2nd base
1-1: SINGLE (Groundball, 4MD)
Cody Jaeckel to third
Runner from 3rd tries for Home, throw and OUT!
Phil MacNamara to second
Batting: RHB José Ortíz 0-0: Foul Ball, location: 2F
0-1: Ball
Wild Pitch!
Phil MacNamara to third
1-1: 2-RUN HOME RUN (Flyball, 78XD), Distance : 440 ft
Batting: RHB Patrick Pupovac 0-0: Called Strike
0-1: Ball
1-1: Foul Ball, location: 2F
1-2: DOUBLE (Line Drive, 9LS)
Batting: RHB Lynwood Dimartínez 0-0: Ball
1-0: Ground out 6-3 (Groundball, 6)
Top of the 2nd over - 2 runs, 3 hits, 0 errors, 1 left on base; Billings 6 - San Antonio 0
BOTTOM OF THE 2ND
San Antonio BC batting - Pitching for Billings Polar Bears : RHP Mike Orrsborne
Batting: RHB Silverberry Mouhon 0-0: Ball
1-0: Ball
2-0: Foul Ball, location: 2F
2-1: Fly out, F7 (Line Drive, 7)
Batting: RHB José Salinas 0-0: Called Strike
0-1: Foul Ball, location: 2F
0-2: Foul Ball, location: 2F
0-2: Ball
1-2: Foul Ball, location: 2F
1-2: Ball
2-2: Fly out, F7 (Line Drive, 7)
Batting: SHB Tom Chagolla 0-0: Called Strike
0-1: Called Strike
0-2: Ball
1-2: Ball
2-2: Foul Ball, location: 2F
2-2: SINGLE (Groundball, 6MS) (infield hit)
Batting: RHB Brodie Floyd 0-0: Foul Ball, location: 2F
0-1: Ball
1-1: Ball
2-1: Fielders Choice at 2nd, 5-4 (Groundball, 56)
Bottom of the 2nd over - 0 runs, 1 hit, 0 errors, 1 left on base; Billings 6 - San Antonio 0
TOP OF THE 3RD
Billings Polar Bears batting - Pitching for San Antonio BC : RHP Jackson Williams
Batting: RHB Luis Pérez 0-0: Swinging Strike
0-1: Foul Ball, location: 2F
0-2: Strikes out swinging
Batting: RHB Luis Álvarez 0-0: Swinging Strike
0-1: Foul Ball, location: 2F
0-2: Ball
1-2: Ball
2-2: Foul Ball, location: 2F
2-2: Ground out 4-3 (Groundball, 4)
Batting: SHB Goro Yokoyama 0-0: Foul Ball, location: 2F
0-1: Ground out 4-3 (Groundball, 4)
Top of the 3rd over - 0 runs, 0 hits, 0 errors, 0 left on base; Billings 6 - San Antonio 0
BOTTOM OF THE 3RD
San Antonio BC batting - Pitching for Billings Polar Bears : RHP Mike Orrsborne
Batting: RHB Ramón Robles 0-0: Called Strike
0-1: Called Strike
0-2: Foul Ball, location: 2F
0-2: Ball
1-2: SINGLE (Groundball, 34S) (infield hit)
Batting: RHB Robby Arnold 0-0: Called Strike
0-1: Ball
1-1: SINGLE (Groundball, 34D)
Ramón Robles to second
Runner from 2nd tries for 3rd, SAFE, no throw
Batting: RHB Alba Hidalgo de Jesus 0-0: Ball
1-0: Swinging Strike
1-1: Foul Ball, location: 2F
1-2: Strikes out looking
Batting: RHB Mike Howard 0-0: Foul Ball, location: 2F
0-1: Foul Ball, location: 2F
0-2: Strikes out swinging
Batting: RHB Tom Bancroft 0-0: Swinging Strike
0-1: Foul Ball, location: 2F
0-2: Foul Ball, location: 2F
0-2: DOUBLE (Line Drive, 78XD)
Ramón Robles scores
Robby Arnold to third
Runner from 3rd tries for Home, SAFE, no throw
Pitching: RHP Daniel Riley
Batting: RHB Silverberry Mouhon 0-0: Fly out, F7 (Flyball, 7)
Bottom of the 3rd over - 2 runs, 3 hits, 0 errors, 1 left on base; Billings 6 - San Antonio 2
TOP OF THE 4TH
Billings Polar Bears batting - Pitching for San Antonio BC : RHP Jackson Williams
Batting: RHB Corey Dudding 0-0: SINGLE (Groundball, 4MD)
Batting: RHB Cody Jaeckel 0-0: Ground out 4-3 (Groundball, 4MS)
Corey Dudding to second
Batting: LHB Phil MacNamara 0-0: Ball
1-0: Ball
2-0: Foul Ball, location: 2F
2-1: Foul Ball, location: 2F
2-2: Ground out 6-3 (Groundball, 6)
Batting: RHB José Ortíz 0-0: Ball
Wild Pitch!
Corey Dudding to third
1-0: Ball
2-0: Ball
3-0: Foul Ball, location: 2F
3-1: Base on Balls
Batting: RHB Patrick Pupovac 0-0: Ball
1-0: Called Strike
1-1: Ball
2-1: SINGLE (Groundball, 4D)
Corey Dudding scores
José Ortíz to second
Runner from 2nd tries for 3rd, SAFE, no throw
Batting: RHB Lynwood Dimartínez 0-0: Called Strike
0-1: Foul Ball, location: 2F
0-2: Ball
1-2: Ball
2-2: Foul Ball, location: 2F
2-2: Foul Ball, location: 2F
2-2: Foul Ball, location: 2F
2-2: Ball
3-2: Fly out, F7 (Flyball, 7LMF)
Top of the 4th over - 1 run, 2 hits, 0 errors, 2 left on base; Billings 7 - San Antonio 2
BOTTOM OF THE 4TH
San Antonio BC batting - Pitching for Billings Polar Bears : RHP Daniel Riley
Batting: RHB José Salinas 0-0: Called Strike
0-1: Ball
1-1: Foul Ball, location: 2F
1-2: Foul Ball, location: 2F
1-2: Ball
2-2: Ball
3-2: SINGLE (Line Drive, 7LS)
Batting: SHB Tom Chagolla 0-0: Ball
1-0: Foul Ball, location: 2F
1-1: Swinging Strike
1-2: Ball
2-2: Foul Ball, location: 2F
2-2: SINGLE (Groundball, 4MD)
José Salinas to second
Batting: RHB Brodie Floyd 0-0: Fly out, F7 (Line Drive, 7D)
Batting: RHB Ramón Robles 0-0: Called Strike
0-1: TRIPLE (Flyball, 8RXD)
José Salinas scores
Tom Chagolla scores
Batting: RHB Robby Arnold 0-0: Ball
1-0: Called Strike
1-1: Called Strike
1-2: Foul Ball, location: 2F
1-2: Ground out 6-3 (Groundball, 6S)
Ramón Robles scores
Batting: RHB Alba Hidalgo de Jesus 0-0: Ball
1-0: Swinging Strike
1-1: SINGLE (Flyball, 7S)
Batting: RHB Mike Howard 0-0: Ball
1-0: Ball
2-0: Ball
3-0: Called Strike
3-1: Called Strike
3-2: SINGLE (Groundball, 4MS) (infield hit)
Alba Hidalgo de Jesus to second
Batting: RHB Tom Bancroft 0-0: Called Strike
0-1: Ball
1-1: Ball
2-1: Fielders Choice at 2nd, 6-4 (Groundball, 6)
Bottom of the 4th over - 3 runs, 5 hits, 0 errors, 2 left on base; Billings 7 - San Antonio 5
TOP OF THE 5TH
Billings Polar Bears batting - Pitching for San Antonio BC : RHP Jackson Williams
Batting: RHB Luis Pérez 0-0: Ball
1-0: Foul Ball, location: 2F
1-1: Swinging Strike
1-2: Ground out 6-3 (Groundball, 6)
Batting: RHB Luis Álvarez 0-0: Foul Ball, location: 2F
0-1: Ground out 5-3 (Groundball, 56S)
Batting: SHB Goro Yokoyama 0-0: Ball
1-0: Ball
2-0: Fly out, F3 (Line Drive, 3S)
Top of the 5th over - 0 runs, 0 hits, 0 errors, 0 left on base; Billings 7 - San Antonio 5
BOTTOM OF THE 5TH
San Antonio BC batting - Pitching for Billings Polar Bears : RHP Daniel Riley
Batting: RHB Silverberry Mouhon 0-0: Called Strike
0-1: Ball
1-1: Ball
2-1: Ball
3-1: Foul Ball, location: 2F
3-2: Fly out, F7 (Flyball, 7S)
Batting: RHB José Salinas 0-0: Ball
1-0: Ball
2-0: Foul Ball, location: 2F
2-1: SINGLE (Groundball, 6M) (infield hit)
Batting: SHB Tom Chagolla 0-0: Ball
1-0: Ball
2-0: Ball
3-0: Base on Balls
José Salinas to second
Pitching: LHP Igarashi Momoru
Batting: RHB Brodie Floyd 0-0: Called Strike
0-1: Called Strike
0-2: Foul Ball, location: 2F
0-2: Foul Ball, location: 2F
0-2: Ball
1-2: Fly out, F4 (Popup, 23)
Batting: RHB Ramón Robles 0-0: Called Strike
0-1: Ball
1-1: Fly out, F4 (Popup, 4S)
Bottom of the 5th over - 0 runs, 1 hit, 0 errors, 2 left on base; Billings 7 - San Antonio 5
TOP OF THE 6TH
Billings Polar Bears batting - Pitching for San Antonio BC : RHP Jackson Williams
Pitching: LHP Ken Borrego
Batting: RHB Corey Dudding 0-0: Foul Ball, location: 2F
0-1: SINGLE (Popup, 3D)
Batting: RHB Cody Jaeckel 0-0: Ball
1-0: Fly out, F5 (Popup, 56)
Batting: LHB Phil MacNamara 0-0: Called Strike
0-1: Ground out 3-1 (Groundball, 34S)
Corey Dudding to second
Batting: RHB José Ortíz 0-0: Called Strike
0-1: Swinging Strike
0-2: Foul Ball, location: 2F
0-2: Strikes out swinging
Top of the 6th over - 0 runs, 1 hit, 0 errors, 1 left on base; Billings 7 - San Antonio 5
BOTTOM OF THE 6TH
San Antonio BC batting - Pitching for Billings Polar Bears : LHP Igarashi Momoru
Batting: RHB Robby Arnold 0-0: Foul Ball, location: 2F
0-1: Ball
1-1: Foul Ball, location: 2F
1-2: Ball
2-2: Ball
3-2: Base on Balls
Batting: RHB Alba Hidalgo de Jesus 0-0: Ball
1-0: Ball
2-0: Ball
3-0: Called Strike
3-1: Bunted foul
3-2: Strikes out swinging
Robby Arnold steals 2nd base
Batter strikes out.
Batting: RHB Mike Howard 0-0: Swinging Strike
0-1: Ground out 6-3 (Groundball, 6)
Robby Arnold to third
Batting: RHB Tom Bancroft 0-0: Ground out 5-3 (Groundball, 56)
Bottom of the 6th over - 0 runs, 0 hits, 0 errors, 1 left on base; Billings 7 - San Antonio 5
TOP OF THE 7TH
Billings Polar Bears batting - Pitching for San Antonio BC : LHP Ken Borrego
Batting: RHB Patrick Pupovac 0-0: Foul Ball, location: 2F
0-1: Hit by Pitch
Batting: RHB Lynwood Dimartínez 0-0: Foul Ball, location: 2F
0-1: Called Strike
0-2: Strikes out looking
Batting: RHB Luis Pérez 0-0: Ball
1-0: Swinging Strike
1-1: Swinging Strike
1-2: Ball
2-2: SINGLE (Flyball, 7LS)
Patrick Pupovac to second
Batting: RHB Luis Álvarez 0-0: Foul Ball, location: 2F
0-1: Foul Ball, location: 2F
0-2: Foul Ball, location: 2F
0-2: DOUBLE (Line Drive, 89M)
Patrick Pupovac scores
Luis Pérez to third
Batting: SHB Goro Yokoyama 0-0: Swinging Strike
0-1: Ball
1-1: Ball
2-1: Foul Ball, location: 2F
2-2: Fly out, F7 (Flyball, 7)
Runner from 3rd tags up, SCORES, no throw
Batting: RHB Corey Dudding 0-0: 2-RUN HOME RUN (Flyball, 7LD), Distance : 375 ft
Batting: RHB Cody Jaeckel 0-0: SINGLE (Groundball, 6MD)
Pitching: RHP Tomás Apresentao
Batting: LHB Phil MacNamara 0-0: Called Strike
0-1: Ball
1-1: Foul Ball, location: 2F
1-2: Ball
2-2: Ball
3-2: 2-RUN HOME RUN (Flyball, 7LD), Distance : 374 ft
Batting: RHB José Ortíz 0-0: Ball
1-0: Swinging Strike
1-1: Swinging Strike
1-2: Ball
2-2: Ball
3-2: Foul Ball, location: 2F
3-2: Base on Balls
Batting: RHB Patrick Pupovac 0-0: Ball
1-0: Called Strike
1-1: Ground out 1-3 (Groundball, 15)
Top of the 7th over - 6 runs, 5 hits, 0 errors, 1 left on base; Billings 13 - San Antonio 5
BOTTOM OF THE 7TH
San Antonio BC batting - Pitching for Billings Polar Bears : LHP Igarashi Momoru
Batting: RHB Silverberry Mouhon 0-0: Ball
1-0: Called Strike
1-1: Ball
2-1: SINGLE (Groundball, 6MD)
Batting: RHB José Salinas 0-0: Foul Ball, location: 2F
0-1: Ball
1-1: Foul Ball, location: 2F
1-2: Strikes out swinging
Batting: SHB Tom Chagolla 0-0: Ball
1-0: Called Strike
1-1: Called Strike
1-2: Ball
2-2: Fly out, F7 (Flyball, 7LSF)
Batting: RHB Brodie Floyd 0-0: Foul Ball, location: 2F
0-1: SINGLE (Groundball, 6MD)
Silverberry Mouhon to second
Batting: RHB Ramón Robles 0-0: Ball
1-0: Swinging Strike
1-1: Foul Ball, location: 2F
1-2: Strikes out looking
Bottom of the 7th over - 0 runs, 2 hits, 0 errors, 2 left on base; Billings 13 - San Antonio 5
TOP OF THE 8TH
Billings Polar Bears batting - Pitching for San Antonio BC : RHP Tomás Apresentao
Batting: RHB Lynwood Dimartínez 0-0: Ball
1-0: Ball
2-0: Foul Ball, location: 2F
2-1: Ball
3-1: Foul Ball, location: 2F
3-2: SINGLE (Line Drive, 56)
Batting: RHB Luis Pérez 0-0: Ball
Throwing error on steal attempt, E2
Lynwood Dimartínez to third
1-0: Ball
2-0: Foul Ball, location: 2F
2-1: Foul Ball, location: 2F
2-2: Ground out 5-3 (Groundball, 56S)
Lynwood Dimartínez scores
Batting: RHB Luis Álvarez 0-0: Ball
1-0: Fly out, F8 (Flyball, 8LD)
Batting: SHB Goro Yokoyama 0-0: Called Strike
0-1: Ground out 6-3 (Groundball, 56)
Top of the 8th over - 1 run, 1 hit, 1 error, 0 left on base; Billings 14 - San Antonio 5
BOTTOM OF THE 8TH
San Antonio BC batting - Pitching for Billings Polar Bears : LHP Igarashi Momoru
Batting: RHB Robby Arnold 0-0: Foul Ball, location: 2F
0-1: Ball
1-1: Swinging Strike
1-2: Ball
2-2: Ball
3-2: Foul Ball, location: 2F
3-2: SINGLE (Groundball, 56D)
Pinch Hitting: RHB Ben Hampton 0-0: Called Strike
0-1: Ball
1-1: Foul Ball, location: 2F
1-2: Fly out, F6 (Line Drive, 6)
Batting: RHB Mike Howard 0-0: Ball
1-0: Ball
2-0: Ball
3-0: Called Strike
3-1: Foul Ball, location: 2F
3-2: SINGLE (Line Drive, 9LS)
Robby Arnold to second
Pitching: LHP Pierre de Vizcaya
Batting: RHB Tom Bancroft 0-0: Ball
1-0: Called Strike
1-1: Ball
2-1: Called Strike
2-2: Ball
3-2: Grounds into double play, 6-4-3 (Groundball, 6)
Bottom of the 8th over - 0 runs, 2 hits, 0 errors, 1 left on base; Billings 14 - San Antonio 5
TOP OF THE 9TH
Billings Polar Bears batting - Pitching for San Antonio BC : RHP Tomás Apresentao
Now in LF: Carlos Cardoza
Batting: RHB Corey Dudding 0-0: Ball
1-0: Ball
2-0: Foul Ball, location: 2F
2-1: Swinging Strike
2-2: SINGLE (Groundball, 34D)
Batting: RHB Cody Jaeckel 0-0: Called Strike
0-1: Ball
1-1: Ball
2-1: Called Strike
2-2: Ball
3-2: Base on Balls
Corey Dudding to second
Batting: LHB Phil MacNamara 0-0: Foul Ball, location: 2F
0-1: Ball
1-1: SINGLE (Line Drive, 34)
Corey Dudding to third
Cody Jaeckel to second
Batting: RHB José Ortíz 0-0: Foul Ball, location: 2F
0-1: Fly out, F8 (Flyball, 89XD)
Runner from 3rd tags up, SCORES, no throw
Cody Jaeckel to third
Now in CF: Pablo Morales
Batting: RHB Patrick Pupovac 0-0: Ball
1-0: Ball
2-0: Grounds into double play, 4-6-3 (Groundball, 4)
Top of the 9th over - 1 run, 2 hits, 0 errors, 1 left on base; Billings 15 - San Antonio 5
BOTTOM OF THE 9TH
San Antonio BC batting - Pitching for Billings Polar Bears : LHP Pierre de Vizcaya
Now at 1B: Rusty Nicholson
Batting: RHB Silverberry Mouhon 0-0: Ball
1-0: Ball
2-0: Ball
3-0: Base on Balls
Batting: RHB José Salinas 0-0: Called Strike
0-1: Called Strike
0-2: Strikes out swinging
Batting: SHB Tom Chagolla 0-0: Ball
1-0: Ball
2-0: Ball
3-0: Called Strike
3-1: Called Strike
3-2: DOUBLE (Line Drive, 89M)
Silverberry Mouhon to third
Batting: RHB Brodie Floyd 0-0: Called Strike
0-1: Ball
1-1: Called Strike
1-2: Foul Ball, location: 2F
1-2: Ball
2-2: Ball
3-2: Foul Ball, location: 2F
3-2: Foul Ball, location: 2F
3-2: Foul Ball, location: 2F
3-2: Strikes out looking
Batting: RHB Ramón Robles 0-0: Ball
1-0: Swinging Strike
1-1: Ball
2-1: Foul Ball, location: 2F
2-2: Ball
Wild Pitch!
Silverberry Mouhon scores
Tom Chagolla to third
3-2: Base on Balls
Batting: RHB Robby Arnold 0-0: Foul Ball, location: 2F
0-1: Foul Ball, location: 2F
0-2: Strikes out swinging
Bottom of the 9th over - 1 run, 1 hit, 0 errors, 2 left on base; Billings 15 - San Antonio 6
Friday, March 29th, 2019 - OOTP Baseball 18.8 Build 76